 Dungeon Crawl Stone Soup version 0.31.0-11-ge490571c62 (webtiles) character file.

Game seed: 11834752769665447494

1318 mandarbmax the Summoner (level 8, -9/72 HPs)
             Began as a Naga Summoner on Jan 28, 2024.
             Was an Initiate of Sif Muna.
             Mangled by an ogre
             ... wielding a +0 giant club
              (32 damage)
             ... on level 5 of the Dungeon.
             The game lasted 00:17:12 (5265 turns).

mandarbmax the Summoner (Naga Summoner)             Turns: 5265, Time: 00:17:14

Health: -9/72      AC:  4    Str: 10    XL:     8   Next: 59%
Magic:  14/14      EV:  7    Int: 19    God:    Sif Muna [......]
Gold:   179        SH:  8    Dex: 11    Spells: 1/15 levels left

rFire   . . .        c - +0 spear
rCold   . . .        n - +0 kite shield
rNeg    . . .        a - +0 robe
rPois   +            i - +0 helmet
rElec   .            (no cloak)
rCorr   .            (no gloves)
SInv    +            (no barding)
Will    +....        m - amulet of magic regeneration
Stlth   ++           (no ring)
HPRegen 0.32/turn    (no ring)
MPRegen 0.54/turn

%: no passive effects
@: inugami summoned, very slow
A: AC +2, large, see invisible, deformed body, poison resistance, slowness 2,
spit poison 1, naga tail 1
a: Spit Poison, Renounce Religion


You were on level 5 of the Dungeon.
You worshipped Sif Muna.
Sif Muna was noncommittal.
You visited 1 branch of the dungeon, and saw 5 of its levels.

You collected 179 gold pieces.

Inventory:

Hand Weapons
 c - a +0 spear (weapon)
Armour
 a - a +0 robe (worn)
 i - a +0 helmet (worn)
 n - a +0 kite shield (worn)
Jewellery
 k - an amulet of guardian spirit
 m - an amulet of magic regeneration (around neck)
Scrolls
 d - a scroll of enchant weapon
 h - a scroll of vulnerability
 j - a scroll of silence
 p - a scroll of noise
 q - a scroll of teleportation
 t - a scroll of brand weapon {unknown}
 u - a scroll of acquirement {unknown}
Potions
 b - a potion of magic
 e - a potion of brilliance
 f - a potion of berserk rage {unknown}
 g - a potion of resistance {unknown}
 l - a potion of cancellation {unknown}
 o - a potion of mutation {unknown}
 s - a potion of curing {unknown}
 v - a potion of lignification {unknown}


   Skills:
 + Level 3.9 Fighting
 - Level 2.0 Dodging
 - Level 3.0 Stealth
 - Level 4.0 Shields
 - Level 4.0 Spellcasting
 + Level 8.0 Summonings


You had one spell level left.
You knew the following spells:

 Your Spells              Type           Power      Damage    Failure   Level
a - Summon Small Mammal   Summ           100%       N/A       2%          1
b - Call Imp              Summ           68%        N/A       3%          2
c - Call Canine Familiar  Summ           34%        N/A       7%          3
d - Summon Blazeheart Go  Fire/Summ      19%        N/A       75%         4
e - Summon Lightning Spi  Summ/Air       19%        N/A       75%         4

Your spell library contained the following spells:

 Spells                   Type           Power      Damage    Failure   Level
 Lesser Beckoning         Tloc           6%         N/A       65%         2
 Dazzling Flash           Conj/Hex       6%         N/A       87%         3
 Gell's Gravitas          Tloc           3%         N/A       87%         3
 Mephitic Cloud           Conj/Alch/Air  3%         N/A       87%         3
 Teleport Other           Tloc           3%         N/A       87%         3
 Curse of Agony           Necr           3%         N/A       100%        5
 Silence                  Hex/Air        1%         N/A       100%        5


Dungeon Overview and Level Annotations

Branches:
Dungeon (5/15)             Temple (0/1) D:5

Altars:
Makhleb
Sif Muna


Innate Abilities, Weirdness & Mutations

Your serpentine skin is tough. (AC +2)
You have supernaturally acute eyesight. (SInv)
Armour fits poorly on your strangely shaped body.
Your system is resistant to poisons. (rPois)
You cover ground very slowly.
You can spit poison.
You have a snake-like lower body.


Message History

Your cerulean imp closely misses the orc wizard.
Your inugami hits the orc but does no damage.
The orc wizard mumbles some strange words.
The orc wizard flickers and vanishes for a moment.
The orc attacks as it pursues you! The orc hits you with a +0 hand axe.
Your quokka closely misses the ogre.
The ogre misses your bat.
You aren't carrying any items that you can evoke.
Okay, then.
Your bat hits the orc wizard but does no damage.
Your inugami hits the orc wizard.
The orc wizard dies!
Sif Muna accepts your kill.
You hear a splash. x2
Your cerulean imp hits the orc but does no damage.
Your quokka closely misses the ogre.
Your bat hits the orc but does no damage.
Your inugami closely misses the ogre.
Your cerulean imp barely misses the orc.
You block the orc's attack.
The orc hits your bat with a +0 hand axe.
You barely miss the orc.
Your bat closely misses the orc.
Your bat hits the ogre but does no damage.
The orc hits you with a +0 hand axe.
Your cerulean imp hits the orc from afar with a -1 spear.
Unknown command.
You closely miss the ogre.
The ogre is lightly wounded.
Your bat hits the ogre. You block the ogre's attack.
You block the orc's attack.
The orc hits your bat with a +0 hand axe.
Your cerulean imp hits the orc but does no damage.
Your bat barely misses the orc.
You barely miss the ogre.
The ogre is lightly wounded.
Your bat hits the orc but does no damage.
The orc closely misses you.
The orc hits your inugami with a +0 hand axe.
Your cerulean imp hits the orc from afar with a -1 spear.
The ogre hits you with a +0 giant club!!
You die...

... .# .. .# #.#
..##.# ... .#..
###..###+..##
.....#......#
...§§~o..O..#
..~~§§~bho@.#
#~~§~§§r.####
#§§~>§§5#######.
.§~§§§~~<.......
..~~§§~.........
#..)§~..)##..##.
#....##..# .#
..... #... #
.... +...


You could see an ogre (ally target), 2 orcs, a friendly cerulean imp (summoned),
a friendly quokka (summoned), a friendly inugami (summoned) and a friendly bat
(summoned).

Vanquished Creatures
  Pikel (D:5)
  Eustachio (D:4)
  An ice beast (D:5)
  4 lemures (D:5)
  A bombardier beetle (D:3)
  An iguana (D:5)
  Robin (D:2)
  An adder (D:2)
  A dart slug (D:5)
  A ball python (D:1)
  A bat (D:3)
  6 endoplasms
  A hobgoblin (D:4)
  4 jackals
  A quokka (D:5)
  3 goblins
  3 kobolds
  A rat (D:2)
33 creatures vanquished.

Vanquished Creatures (collateral kills)
  Menkaure (D:4)
  A phantom (D:4)
  2 scorpions (D:4)
  A howler monkey (D:4)
  A bombardier beetle (D:3)
  An orc priest (D:4)
  An orc wizard (D:5)
  An adder (D:2)
  A dart slug (D:3)
  2 ribbon worms (D:2)
  8 orcs
  7 ball pythons
  3 bats
  5 endoplasms
  3 giant cockroaches
  11 goblins
  8 hobgoblins
  3 jackals
  A quokka (D:1)
  3 frilled lizards
  5 kobolds
  3 rats
72 creatures vanquished.

Grand Total: 105 creatures vanquished

Notes
Turn   | Place    | Note
-------+----------+-------------------------------------------
     0 | D:1      | mandarbmax the Naga Summoner began the quest for the Orb.
     0 | D:1      | Reached XP level 1. HP: 15/15 MP: 3/3
   399 | D:1      | Reached XP level 2. HP: 22/22 MP: 1/5
   891 | D:1      | Learned a level 2 spell: Call Imp
  1234 | D:2      | Reached XP level 3. HP: 26/28 MP: 2/6
  1238 | D:2      | Learned a level 3 spell: Call Canine Familiar
  1334 | D:2      | Reached skill level 5 in Summonings
  1452 | D:2      | Reached XP level 4. HP: 36/36 MP: 2/7
  1967 | D:2      | Noticed Robin
  1987 | D:2      | Killed Robin
  2875 | D:3      | Reached skill level 6 in Summonings
  2875 | D:3      | Reached XP level 5. HP: 42/42 MP: 3/8
  3030 | D:3      | Reached skill level 1 in Shields
  3550 | D:3      | Found a faded altar of an unknown god.
  3604 | D:4      | Reached XP level 6. HP: 40/49 MP: 9/9
  3662 | D:4      | Noticed Eustachio
  3679 | D:4      | HP: 2/49 [iron imp[Eustachio] (8)]
  3689 | D:4      | Killed Eustachio
  3966 | D:4      | Noticed Menkaure
  3983 | D:4      | Killed Menkaure
  3984 | D:4      | Reached XP level 7. HP: 19/55 MP: 10/12
  4324 | D:4      | Reached skill level 7 in Summonings
  4532 | D:4      | Found a shimmering blue altar of Sif Muna.
  4534 | D:4      | Found a burning altar of Makhleb.
  4676 | D:4      | Learned a level 4 spell: Summon Blazeheart Golem
  4736 | D:4      | Became a worshipper of Sif Muna the Loreminder
  5211 | D:4      | Learned a level 4 spell: Summon Lightning Spire
  5221 | D:5      | Entered Level 5 of the Dungeon
  5221 | D:5      | Noticed Pikel
  5221 | D:5      | Found a staircase to the Ecumenical Temple.
  5227 | D:5      | Killed Pikel
  5228 | D:5      | Reached XP level 8. HP: 69/69 MP: 9/14
  5245 | D:5      | Reached skill level 8 in Summonings
  5265 | D:5      | Mangled by an ogre

Illustrated notes

Levels and vault maps discovered:
D:1:      dpeg_arrival_radiant, layout_basic, minmay_strange_pillars
D:2:      layout_basic, nrook_mini_backslash, uniq_robin
D:3:      layout_loops_corners, shapermc_ecumenical_altar_petra,
          minmay_crystal_room, serial_bayou_pond_b, minmay_misc_feat_alley
D:4:      layout_layer_cave, jmf_multi_god_temple, uniq_eustachio, uniq_menkaure
D:5:      layout_gridville, minmay_temple_entry_mist, serial_co_window_serial,
          co_window_paths_a, co_window_corner_a, co_window_corner_a,
          co_window_cross_1, co_window_corner_a, co_window_unsneaky_path_c,
          co_window_broadway_a, co_window_broadway_c, co_window_corner_b,
          co_window_paths_d, glass_columns_c, glass_columns_c,
          kennysheep_generic_room_13, uniq_pikel

Skill      XL: |  1  2  3  4  5  6  7  8 |
---------------+-------------------------+-----
Summonings     | 5 6 7 8 |  8.0
Dodging        | 2 |  2.0
Shields        | 1 2 4 |  4.0
Spellcasting   | 3 4 |  4.0
Fighting       | 3 |  3.9
Stealth        | |  3.0

Action                     |  1- 3 |  4- 6 |  7- 9 || total
---------------------------+-------+-------+-------++-------
  Melee: Unarmed           |    13 |       |       ||    13
         Spear             |    31 |    96 |    35 ||   162
         Punch             |       |     1 |       ||     1
   Cast: Summon Small Mamm |    38 |    32 |    16 ||    86
         Call Imp          |     3 |    19 |    10 ||    32
         Call Canine Famil |       |     8 |     8 ||    16
Ability: Spit Poison       |       |     1 |       ||     1
    Use: Scroll            |       |     5 |     3 ||     8
         Potion            |       |     2 |       ||     2
   Stab: Sleeping          |     3 |     4 |     1 ||     8
         Distracted        |     2 |     2 |       ||     4
 Armour: Robe              |    25 |    79 |    23 ||   127
  Dodge: Dodged            |    27 |    48 |    13 ||    88
  Block: Kite shield       |       |    27 |    11 ||    38
